 Dungeon Crawl Stone Soup version 0.28-a0-1147-gc7b72d3202 (webtiles) character file.

Game seed: 13780084927667861000

254 ChaosChampion the Magician (level 5, -3/27 (28) HPs)
             Began as a Deep Elf Conjurer on Dec 14, 2021.
             Killed from afar by Tycho's ghost (19 damage)
             ... with a stone arrow
             ... on level 3 of the Dungeon.
             The game lasted 00:04:37 (3854 turns).

ChaosChampion the Magician (Deep Elf Conjurer)      Turns: 3854, Time: 00:04:37

HP:   -3/27 (28)    AC:  5    Str:  4    XL:     5   Next: 90%
MP:   2/15          EV: 12    Int: 25    God:
Gold: 104           SH:  0    Dex: 13    Spells: 5/15 levels left

rFire   . . .      SeeInvis .   (no weapon)
rCold   . . .      Faith    .   (no shield)
rNeg    . . .      Spirit   .   a - +0 robe
rPois   .          Reflect  .   (no helmet)
rElec   .          Harm     .   (no cloak)
rCorr   .          Rampage  .   d - +2 pair of gloves
Will    .....                   (no boots)
Stlth   ++........              (no amulet)
HPRegen 0.09/turn               (no ring)
MPRegen 0.14/turn               (no ring)

@: lightly drained
A: no striking features
a: no special abilities


You were on level 3 of the Dungeon.
You visited 1 branch of the dungeon, and saw 3 of its levels.

You collected 104 gold pieces.

Inventory:

Armour
 a - a +0 robe (worn)
 d - a +2 pair of gloves (worn)
Jewellery
 f - a ring of magical power
Scrolls
 c - a scroll of vulnerability {unknown}
 e - a scroll of blinking {unknown}
 j - a scroll of identify {unknown}
 l - a scroll of fear {unknown}
 m - a scroll of enchant armour {unknown}
Potions
 b - a potion of brilliance {unknown}
 g - 2 potions of mutation {unknown}
 h - a potion of degeneration {unknown}
 i - a potion of attraction {unknown}
 k - a potion of curing {unknown}


   Skills:
 - Level 2.4 Dodging
 - Level 2.4 Stealth
 + Level 5.7 Spellcasting
 + Level 5.3 Conjurations
 * Level 2.4 Hexes
 * Level 2.0 Summonings
 * Level 2.1 Translocations


You had 5 spell levels left.
You knew the following spells:

 Your Spells              Type           Power      Damage    Failure   Level
a - Magic Dart            Conj           100%       1d8       1%          1
b - Searing Ray           Conj           66%        2d6       1%          2
c - Summon Guardian Gole  Hex/Summ       18%        N/A       10%         3
d - Iskenderun's Mystic   Conj/Tloc      25%        2d7       17%         4

Your spell library contained the following spells:

 Spells                   Type           Power      Damage    Failure   Level
 Dazzling Flash           Conj/Hex       52%        N/A       4%          3
 Passwall                 Tmut/Erth      5%         N/A       12%         2
 Fulminant Prism          Conj/Hex       13%        3d9       16%         4
 Swiftness                Air            7%         N/A       22%         3
 Orb of Destruction       Conj           16%        9d8       100%        7
 Spellforged Servitor     Conj/Summ      12%        N/A       100%        7


Dungeon Overview and Level Annotations

Branches:
Dungeon (3/15)

Altars:
The Shining One

Annotations:
D:3 Tycho's ghost, amateur GrEE


Message History

Tycho's ghost is heavily damaged.
The searing ray hits the bullfrog skeleton.
You destroy the bullfrog skeleton!
The searing ray hits the water moccasin zombie!
The water moccasin zombie is heavily damaged.
You finish channelling your searing ray.
Tycho's ghost casts a spell at you. The stone arrow misses you.
Your Summonings skill increases to level 2!
Casting: Searing Ray (safe; 1% risk of failure)
Confirm with . or Enter, or press ? or * to list all spells.
The spell is extremely dangerous to miscast (17% risk of failure)!
Continue anyway?
You miscast Iskenderun's Mystic Blast.
You are very lightly contaminated with residual magic.
The world appears momentarily distorted.
You are magically locked in place.
You are no longer locked in place.
Tycho's ghost hits you.
You feel drained.
Casting: Iskenderun's Mystic Blast (extremely dangerous; 17% risk of failure)
Confirm with . or Enter, or press ? or * to list all spells.
The spell is extremely dangerous to miscast (17% risk of failure)!
Continue anyway?
You erupt in a blast of force!
The mystic blast hits the water moccasin zombie.
The water moccasin zombie is moderately damaged.
The water moccasin zombie is knocked back by the mystic blast.
The water moccasin zombie collides with your guardian golem!
The water moccasin zombie is heavily damaged.
The mystic blast hits the water moccasin zombie.
The water moccasin zombie is heavily damaged.
The water moccasin zombie is knocked back by the mystic blast.
The mystic blast hits Tycho's ghost!
Tycho's ghost is almost destroyed.
Tycho's ghost is knocked back by the mystic blast.
Your guardian golem disappears in a puff of smoke!
The water moccasin zombie bites you.
Your magical contamination has completely faded away.
Tycho's ghost points at you and mumbles some strange words.
The stone arrow hits you!!
Ouch! That really hurt!
You die...

.#############'''###............#
.............Z.......#...........
.#..........#.ยง...##.#.#######.##
..........#####..###.#.#######.#
....####.Z# ##.# #........##.#
..........# #.# ###.###..##.#
..........# #.# #.# #######
.####.....######.#####.## .P#
.##.#..#..Z.ZW..@...<...# ###
....#..#..######.##.##.## ###
..........##......#.#..# #..
_..'......##.######.#.###########
....#..#.........................
....#..##.##.######.#............
.###...##.##..........(..########
..###..############.####.########
.................................


You could see Tycho's ghost and 2 water moccasin zombies.

Vanquished Creatures
  A bullfrog skeleton (D:3)
  2 adders
  A gnoll (D:1)
  A white imp (D:3)
  2 worms (D:2)
  A dart slug (D:1)
  An orc (D:3)
  8 bats
  2 endoplasms (D:1)
  6 goblins
  5 hobgoblins
  9 jackals
  4 kobolds
  2 quokkas (D:2)
  7 ball pythons
  10 frilled lizards
  3 goblin skeletons (D:3)
  A goblin zombie (D:3)
  A kobold skeleton (D:3)
  3 kobold zombies (D:3)
  An orc skeleton (D:3)
  5 rats
76 creatures vanquished.

Vanquished Creatures (others)
  An ogre (D:3)
  Terence (D:3)
2 creatures vanquished.

Grand Total: 78 creatures vanquished

Notes
Turn   | Place    | Note
-------+----------+-------------------------------------------
     0 | D:1      | ChaosChampion the Deep Elf Conjurer began the quest for the
                  | Orb.
     0 | D:1      | Reached XP level 1. HP: 10/10 MP: 6/6
   238 | D:1      | Reached XP level 2. HP: 15/15 MP: 4/8
   292 | D:1      | Learned a level 2 spell: Searing Ray
   548 | D:1      | Reached XP level 3. HP: 19/19 MP: 2/10
  1653 | D:2      | Reached skill level 5 in Spellcasting
  1655 | D:2      | Reached skill level 5 in Conjurations
  1804 | D:2      | Reached XP level 4. HP: 24/24 MP: 10/13
  1813 | D:2      | Learned a level 3 spell: Summon Guardian Golem
  1818 | D:2      | Learned a level 4 spell: Iskenderun's Mystic Blast
  2509 | D:3      | Found a glowing golden altar of the Shining One.
  2591 | D:3      | Found a runed translucent gate.
  2591 | D:3      | Found a runed translucent gate.
  2592 | D:3      | Found a runed translucent gate.
  2594 | D:3      | Noticed Tycho's ghost (amateur GrEE)
  2742 | D:3      | Noticed an ogre
  2758 | D:3      | Killed an ogre
  2759 | D:3      | Reached skill level 1 in Hexes
  2759 | D:3      | Reached skill level 1 in Summonings
  2759 | D:3      | Reached skill level 1 in Translocations
  2759 | D:3      | Reached XP level 5. HP: 28/28 MP: 12/15
  3403 | D:3      | Noticed Terence
  3439 | D:3      | Killed Terence
  3854 | D:3      | Killed from afar by Tycho's ghost

Illustrated notes

Levels and vault maps discovered:
D:1:      dpeg_arrival_rooms_with_view, layout_basic
D:2:      minmay_wonky_spiral, layout_basic, minmay_lizard_pond
D:3:      layout_basic, nicolae_tso_besieged_by_evil, serial_aquarium,
          aquarium_bridge_island_large [aquarium_subvault_large_open,
          aquarium_subvault_wall, aquarium_subvault_bridge,
          aquarium_subvault_wall, aquarium_subvault_bridge], aquarium_window_1,
          aquarium_window_fake, aquarium_window_2, aquarium_window_corridor_1,
          aquarium_view_2d, aquarium_view_2d, aquarium_pool_split,
          gammafunk_ghost_necromancy, kennysheep_nub, uniq_terence

Skill      XL: |  1  2  3  4  5 |
---------------+----------------+-----
Spellcasting   | 4 5 |  5.7
Conjurations   | 5 |  5.3
Hexes          | 1 2 |  2.4
Summonings     | 1 2 |  2.0
Translocations | 1 2 |  2.1
Dodging        | |  2.4
Stealth        | |  2.4

Action                   |  1- 3 |  4- 6 || total
-------------------------+-------+-------++-------
 Cast: Magic Dart        |    53 |    35 ||    88
       Searing Ray       |    10 |    15 ||    25
       Summon Guardian G |       |     3 ||     3
       Iskenderun's Myst |       |     1 ||     1
Armor: Robe              |       |     5 ||     5
Dodge: Dodged            |       |    26 ||    26

Table legend: (Time is in decaauts)
 A = Elapsed time spent in this place.
 B = Non-inter-level travel time spent in this place.
 C = Inter-level travel time spent in this place.
 D = Time resting spent in this place.
 E = Time spent auto-exploring this place.
 F = Levels seen in this place.
 G = Mean time per level.
                   A        B        C        D        E       F      G
               +--------+--------+--------+--------+--------+-----+--------+
         Total |   3860 |   3774 |     86 |    487 |   2883 |   3 | 1286.7 |
       Dungeon |   3860 |   3774 |     86 |    487 |   2883 |   3 | 1286.7 |
               +--------+--------+--------+--------+--------+-----+--------+

Top non-repeatable levels by time:
     D:3: 1422 daAuts
     D:2: 1221 daAuts
     D:1: 1216 daAuts
